 Dungeon Crawl Stone Soup version 0.32-a0-540-g866d13106e (webtiles) character file.

Game seed: 230620502036584035

6062 Esekla the Covert (level 10, -1/68 HPs)
             Began as an Octopode Delver on Feb 28, 2024.
             Was an Initiate of Gozag.
             Succumbed to a killer bee's poison
             ... on level 9 of the Dungeon on Feb 29, 2024.
             The game lasted 00:59:13 (9180 turns).

Esekla the Covert (Octopode Delver)                 Turns: 9180, Time: 00:59:13

Health: -1/68      AC:  1    Str: 11    XL:     10   Next: 87%
Magic:  1/18       EV: 15    Int: 18    God:    Gozag
Gold:   700        SH:  0    Dex: 13    Spells: 6/20 levels left

rFire   . . .        s - +2 dagger (venom)
rCold   . . .        (no shield)
rNeg    . . .        (helmet restricted)
rPois   .            g - amulet of guardian spirit
rElec   .            (no ring)
rCorr   .            (no ring)
SInv    .            (no ring)
Will    +....        (no ring)
Stlth   ++++++       (no ring)
HPRegen 0.31/turn    (no ring)
MPRegen 0.16/turn    (no ring)
                     (no ring)

%: guardian spirit
@: lethally poisoned (-1 -> -10), gold aura, freezing walls, enlightened, flying
A: almost no armour, amphibious, 8 rings, camouflage 1, gelatinous body 1,
(nimble swimmer 1), tentacles
a: Renounce Religion, Potion Petition, Call Merchant, Bribe Branch


You were on level 9 of the Dungeon.
You worshipped Gozag.
Gozag was pleased with you.
You visited 2 branches of the dungeon, and saw 10 of its levels.
You also visited: Sewer.

You collected 2009 gold pieces.
You spent 1288 gold pieces at shops.
You paid 21 gold pieces to Gozag.

Inventory:

Hand Weapons
 a - a +1 falchion of protection
 r - a +6 spear
 s - a +2 dagger of venom (weapon)
Missiles
 d - 3 boomerangs
 m - 25 poisoned darts (quivered)
 y - a curare-tipped dart
Armour
 A - a +2 buckler
Jewellery
 g - an amulet of guardian spirit (around mantle)
 B - a ring of protection from fire
Wands
 c - a wand of quicksilver (8)
 e - a wand of iceblast (22)
 f - a wand of digging (3)
Scrolls
 b - 3 scrolls of fog
 k - 6 scrolls of teleportation
 l - 2 scrolls of identify
 o - 2 scrolls of blinking {unknown}
 q - 2 scrolls of vulnerability {unknown}
 t - 2 scrolls of revelation
 u - a scroll of amnesia {unknown}
 C - a scroll of noise {unknown}
 D - a scroll of butterflies {unknown}
Potions
 h - a potion of enlightenment
 i - 2 potions of cancellation
 j - 2 potions of haste
 n - 2 potions of resistance
 p - a potion of might
 v - a potion of heal wounds
 w - a potion of berserk rage
 x - 2 potions of curing {unknown}
 z - a potion of mutation


   Skills:
 * Level 6.1 Fighting
 + Level 3.1(3.7) Short Blades
 + Level 2.9(3.6) Long Blades
 + Level 0.6 Polearms
 + Level 0.9 Throwing
 * Level 5.9 Dodging
 + Level 11.7 Stealth
 * Level 2.2 Shields
 * Level 5.6 Spellcasting
 + Level 3.3 Conjurations
 * Level 4.4 Necromancy
 + Level 1.3 Translocations
 * Level 2.4 Fire Magic
 * Level 2.1 Ice Magic
 + Level 3.2 Air Magic
 + Level 4.6 Alchemy


You had 6 spell levels left.
You knew the following spells:

 Your Spells              Type           Power      Damage    Failure   Level
c - Mephitic Cloud        Conj/Alch/Air  18%        N/A       9%          3
d - Vampiric Draining     Necr           21%        2d7       6%          3
o - Scorch                Fire           26%        2d6       7%          2
p - Apportation           Tloc           20%        N/A       7%          1
r - Frozen Ramparts       Ice            24%        1d4       16%         3
v - Mercury Vapours       Alch/Air       38%        N/A       3%          2

Your spell library contained the following spells:

 Spells                   Type           Power      Damage    Failure   Level
 Necrotise                Necr           84%        1d8       1%          1
 Sting                    Conj/Alch      76%        1d7       2%          1
 Freeze                   Ice            48%        1d6       5%          1
 Summon Small Mammal      Summ           20%        N/A       12%         1
 Hailstorm                Conj/Ice       14%        3d6       12%         3
 Volatile Blastmotes      Fire/Tloc      22%        2d11      17%         3
 Summon Ice Beast         Ice/Summ       8%         N/A       24%         3
 Fulminant Prism          Conj/Alch      9%         3d7       24%         4
 Flame Wave               Conj/Fire      15%        2d7       36%         4
 Iskenderun's Mystic Bla  Conj/Tloc      13%        2d5       43%         4
 Iskenderun's Battlesphe  Conj           17%        2d7       65%         5
 Freezing Cloud           Conj/Ice/Air   7%         6-21      71%         5
 Sculpt Simulacrum        Ice/Alch       8%         N/A       99%         6
 Summon Cactus Giant      Summ           2%         N/A       100%        6
 Spellforged Servitor     Conj/Summ      5%         N/A       100%        7


Dungeon Overview and Level Annotations

Branches:
Dungeon (9/15)             Temple (1/1) D:5           Sewer (visited)
   Lair: D:8-11         Orc: D:9-12

Altars:
Dithmenos
Fedhas
Gozag
Kikubaaqudgha
Makhleb
Qazlal
Ru
Sif Muna
Trog
Uskayaw
Vehumet
Wu Jian
Yredelemnul

Shops:
D:1 :


Innate Abilities, Weirdness & Mutations

You cannot wear most types of armour.
You are amphibious.
You can wear up to eight rings at the same time.
Your skin changes colour to match your surroundings (Stealth+).
Your rubbery body absorbs attacks. (AC +1, EV +1)
((You are camouflaged when in or above water. (Stealth+)))
You have tentacles for arms and can constrict up to eight enemies at once.


Message History

The killer bee stings you!
The wall freezes the killer bee.
The killer bee stings you.
Okay, then.
You miss the killer bee. Your grab misses the killer bee.
Your squeeze misses the killer bee.
The killer bee is moderately wounded.
The wall freezes the killer bee.
The killer bee stings you.
The wall freezes the killer bee but does no damage.
The killer bee stings you.
* * * LOW HITPOINT WARNING * * *
Casting: Frozen Ramparts (dangerous; 16% risk of failure)
Confirm with . or Enter, or press ? or * to list all spells.
Aiming: Vampiric Draining (dangerous; 6% risk of failure)
Press: ? - help, Shift-Dir - straight line, f - killer bee
Aim: a killer bee (moderately wounded)
You draw life force from the killer bee!
You feel life coursing into your body.
The wall freezes the killer bee.
The killer bee is distracted by your dazzling golden aura.
The wall freezes the killer bee.
The killer bee stings you!
* * * LOW HITPOINT WARNING * * *
The wall freezes the killer bee but does no damage.
The wall freezes the killer bee.
The killer bee stings you.
* * * LOW HITPOINT WARNING * * *
You miss the killer bee.
The killer bee is no longer distracted by gold.
Your grab misses the killer bee.
The killer bee is severely wounded.
The wall freezes the killer bee but does no damage.
The killer bee stings you!
* * * LOW HITPOINT WARNING * * *
You are lethally poisoned!
The killer bee poisons you!
The wall freezes the killer bee.
You kill the killer bee!
The wall freezes the killer bee but does no damage.
The killer bee misses you.
It was a potion of enlightenment.
You feel very buoyant.
You fly up into the air.
You die...
Your body crumbles into a pile of gold.

####..)# #### #########)### ###
o... ##...##...)..### ..o ..o#
##..........#....# .y
#.....)..)...###.# o.
#..............#.###.
#....>.......#....... #####
#..>.........y$##.o###### .....
#..#...##...###@$##KT....#######
#..........## ##$.$#####....(...
#..~~~~~~~..# ###$# #########
#..~####≈≈..# #$# #..≈ #≈~..#
#Y# ##.~ '≈~y.# #.. # .'~~...
.#. ..'≈~.... . .. #>.#≈≈.... .
##


You could see a killer bee.

Vanquished Creatures
  A troll (D:7)
  A hornet (D:8)
  Prince Ribbit (D:6)
  Sigmund (D:2)
  A shadow (D:7)
  7 yaks
  A wyvern (D:9)
  Grum (D:8)
  Duvessa (D:5)
  3 water moccasins
  2 orc warriors
  2 ice beasts
  3 black bears
  3 ogres
  2 wolves (D:8)
  4 centaurs
  4 kobold brigands
  5 bullfrogs
  2 scorpions
  2 gnoll sergeants (D:8)
  Dowan (D:5)
  5 killer bees (D:9)
  5 hounds
  2 jellies
  4 orc priests
  4 iguanas
  4 orc wizards
  Terence (D:2)
  2 scorpion zombies (D:4)
  8 gnolls (D:8)
  11 adders
  4 river rats (Sewer)
  2 ribbon worms
  12 orcs
  7 bats
  3 endoplasms
  3 giant cockroaches
  9 goblins
  8 hobgoblins
  41 kobolds
  3 quokkas
  5 ball pythons
  6 frilled lizards
  28 rats
225 creatures vanquished.

Notes
Turn   | Place    | Note
-------+----------+-------------------------------------------
     0 | D:5      | Esekla the Octopode Delver began the quest for the Orb.
     0 | D:5      | Reached XP level 1. HP: 16/16 MP: 1/1
     5 | D:5      | Noticed Duvessa
     6 | D:5      | Noticed Dowan
    20 | D:5      | Found a staircase to the Ecumenical Temple.
    26 | D:5      | Noticed a black bear
    34 | Temple   | Entered the Ecumenical Temple
    39 | Temple   | Became a worshipper of Gozag Ym Sagoz the Greedy
    80 | D:4      | Reached XP level 2. HP: 12/21 MP: 2/2
   156 | D:4      | Noticed a black bear
   161 | D:4      | Reached skill level 7 in Stealth
   259 | D:4      | Found a basalt altar of Yredelemnul.
   265 | D:4      | Reached XP level 3. HP: 22/26 MP: 4/4
   271 | D:4      | Reached skill level 1 in Spellcasting
   271 | D:4      | Reached XP level 4. HP: 27/31 MP: 5/5
   419 | D:4      | Noticed a scorpion
   465 | D:4      | Noticed a black bear
   468 | D:4      | Killed a black bear
   469 | D:4      | Reached skill level 8 in Stealth
   469 | D:4      | Reached XP level 5. HP: 37/37 MP: 5/7
   489 | D:4      | Noticed an ogre
   523 | D:3      | Found a burning altar of Makhleb.
   632 | D:3      | Found a glowing drain.
   637 | Sewer    | Entered a sewer
   773 | Sewer    | Reached XP level 6. HP: 36/43 MP: 6/8
   777 | Sewer    | Reached skill level 1 in Short Blades
  1300 | D:3      | Got Sif Muna's Directory of Carcasses and the Shot
  1965 | D:1      | Found Kavufys's Book Shoppe.
  2550 | D:1      | Bought a book of Cantrips for 224 gold pieces
  2550 | D:1      | Bought a book of Vapours for 364 gold pieces
  2552 | D:1      | Learned a level 1 spell: Apportation
  2555 | D:1      | Learned a level 2 spell: Mercury Vapours
  2559 | D:1      | Learned a level 3 spell: Mephitic Cloud
  2563 | D:1      | Learned a level 3 spell: Vampiric Draining
  2647 | D:2      | Noticed Sigmund
  2651 | D:2      | Killed Sigmund
  2652 | D:2      | Reached XP level 7. HP: 49/49 MP: 10/10
  2788 | D:2      | Noticed Terence
  2791 | D:2      | Killed Terence
  2792 | D:2      | Reached skill level 9 in Stealth
  3522 | D:4      | Reached skill level 1 in Alchemy
  3563 | D:4      | Reached skill level 1 in Conjurations
  3563 | D:4      | Reached skill level 1 in Necromancy
  3565 | D:4      | Reached skill level 1 in Air Magic
  3603 | D:3      | Reached XP level 8. HP: 53/54 MP: 10/12
  4104 | D:5      | Reached skill level 10 in Stealth
  4186 | D:5      | Killed Duvessa
  4187 | D:5      | Reached skill level 5 in Fighting
  4203 | D:5      | Killed Dowan
  4777 | D:6      | Reached XP level 9. HP: 61/61 MP: 14/14
  5207 | D:6      | Noticed Prince Ribbit
  5369 | D:6      | Killed Prince Ribbit
  6217 | D:7      | Noticed a troll
  6366 | D:7      | Killed a troll
  6732 | D:7      | Reached skill level 1 in Translocations
  6864 | D:1      | Bought a book of Frost for 280 gold pieces
  6864 | D:1      | Bought a book of Scorching for 420 gold pieces
  6867 | D:1      | Learned a level 2 spell: Scorch
  7193 | D:7      | Reached skill level 5 in Dodging
  7193 | D:7      | Reached XP level 10. HP: 68/68 MP: 17/17
  7196 | D:7      | Reached skill level 11 in Stealth
  7272 | D:7      | Learned a level 3 spell: Frozen Ramparts
  7542 | D:8      | Reached skill level 1 in Fire Magic
  7542 | D:8      | Reached skill level 1 in Ice Magic
  7747 | D:8      | Reached skill level 5 in Spellcasting
  7806 | D:8      | Noticed Grum
  7817 | D:8      | Killed Grum
  8310 | D:8      | Paralysed by a hornet for 2 turns
  8610 | D:8      | Reached skill level 1 in Shields
  9179 | D:9      | HP: 2/68 [killer bee (7)]
  9180 | D:9      | Succumbed to a killer bee's poison

Illustrated notes

Levels and vault maps discovered:
D:1:      ncdulo_smallfort, layout_loops_cross, serial_shops,
          nicolae_shop_hallway_stairs
D:2:      layout_loops_corners, uniq_terence, uniq_sigmund
D:3:      layout_loops_ring, mainiacjoe_overflow_surrounded_room,
          gup_sewer_entry_bowl
D:4:      nicolae_cairo_tiling_large_dashed, layout_loops_cross,
          lemuel_zombie_altar_yredelemnul, grunt_ministairs_10, st_stairs_10
D:5:      layout_basic, minmay_temple_entry_statues, uniq_duvessa
D:6:      wander_river, layout_loops_ring, chequers_decorated_corner,
          billiards_dpeg, uniq_prince_ribbit1
D:7:      layout_gridville, grunt_ministairs_6
D:8:      layout_basic, minmay_tree_intersection, kennysheep_generic_room_16,
          uniq_grum
D:9:      layout_rooms, nicolae_overflow_hallway_of_the_gods, enter_bailey_4,
          minmay_misc_feat_encased
Temple:   hellmonk_temple_of_storms

Skill      XL: |  1  2  3  4  5  6  7  8  9 10 |
---------------+-------------------------------+-----
Stealth        | 7 8 9 10 11 | 11.7
Spellcasting   | 1 2 3 4 5 |  5.6
Fighting       | 4 5 6 |  6.1
Short Blades   | 2 3 |  3.1
Dodging        | 3 4 5 |  5.9
Alchemy        | 1 2 3 4 |  4.6
Conjurations   | 1 2 3 |  3.3
Necromancy     | 1 2 3 4 |  4.4
Air Magic      | 1 2 3 |  3.2
Translocations | 1 |  1.3
Fire Magic     | 2 |  2.4
Ice Magic      | 2 |  2.1
Shields        | 2 |  2.2
Long Blades    | |  2.9
Polearms       | |  0.6
Throwing       | |  0.9

Action                     |  1- 3 |  4- 6 |  7- 9 | 10-12 || total
---------------------------+-------+-------+-------+-------++-------
  Melee: Falchion          |     6 |       |    16 |    24 ||    46
         Tentacles         |     6 |    20 |    35 |    26 ||    87
         Constrict         |     7 |    36 |    29 |    18 ||    90
         Dagger            |    16 |   142 |   110 |    89 ||   357
         Spear             |       |       |     6 |       ||     6
  Throw: Dart              |       |       |     8 |     6 ||    14
   Cast: Apportation       |       |       |    18 |    10 ||    28
         Mercury Vapours   |       |       |     4 |    12 ||    16
         Mephitic Cloud    |       |       |     4 |    10 ||    14
         Vampiric Draining |       |       |     4 |     1 ||     5
         Frozen Ramparts   |       |       |       |     5 ||     5
    Use: Scroll            |     2 |       |     6 |     5 ||    13
         Potion            |     1 |       |       |     2 ||     3
   Stab: Sleeping          |     3 |    29 |    25 |    10 ||    67
         Distracted        |       |     1 |     1 |       ||     2
         Confused          |       |       |     2 |     5 ||     7
 Armour: Skin              |    11 |    40 |    58 |    53 ||   162
  Dodge: Dodged            |     8 |    48 |    59 |    63 ||   178

Table legend: (Time is in decaauts)
 A = Elapsed time spent in this place.
 B = Non-inter-level travel time spent in this place.
 C = Inter-level travel time spent in this place.
 D = Time resting spent in this place.
 E = Time spent auto-exploring this place.
 F = Levels seen in this place.
 G = Mean time per level.
                   A        B        C        D        E       F      G
               +--------+--------+--------+--------+--------+-----+--------+
         Total |   9102 |   8514 |    588 |   1083 |   3009 |  11 |  827.5 |
       Dungeon |   8497 |   7909 |    588 |   1075 |   2917 |   9 |  944.1 |
        Temple |     13 |     13 |      0 |      2 |      0 |   1 |   13.0 |
         Sewer |    591 |    591 |      0 |      5 |     92 |   1 |  591.0 |
               +--------+--------+--------+--------+--------+-----+--------+

Top non-repeatable levels by time:
     D:8: 1509 daAuts
     D:6: 1309 daAuts
     D:7: 1091 daAuts
     D:4: 904 daAuts
     D:2: 891 daAuts
     D:5: 885 daAuts
     D:1: 798 daAuts
     D:3: 785 daAuts
   Sewer: 591 daAuts
     D:9: 321 daAuts
  Temple: 13 daAuts
